 Dungeon Crawl Stone Soup version 0.19.1 (webtiles) character file.

8103 Peloso the Carver (level 11, -3/74 HPs)
             Began as a Halfling Fighter on Dec 28, 2016.
             Was a High Priest of Okawaru.
             Slain by a yak (10 damage)
             ... on level 9 of the Dungeon.
             The game lasted 00:23:39 (9118 turns).

Peloso the Carver (Halfling Fighter)                Turns: 9118, Time: 00:23:40

Health: -3/74      AC: 16    Str: 24    XL:     11   Next: 49%
Magic:  20/20      EV: 10    Int:  6    God:    Okawaru [*****.]
Gold:   637        SH: 14    Dex: 15    Spells: 0 memorised, 10 levels left

rFire  + . .     SeeInvis .     F - +7 falchion of Forced Transition {holy, Fragile MR+ Str+4}
rCold  . . .     Gourm    .     b - +0 plate armour
rNeg   . . .     Faith    .     c - +1 shield
rPois  .         Spirit   .     (no helmet)
rElec  .         Reflect  .     A - +0 cloak
rCorr  .         Harm     .     (no gloves)
MR     +....                    w - +0 pair of boots
Stlth  ..........               r - amulet of regeneration
                                H - ring of protection from fire
                                q - ring of magical power

@: no status effects
A: mutation resistance 1
a: Heroism, Finesse, Renounce Religion


You were on level 9 of the Dungeon.
You worshipped Okawaru.
Okawaru was extremely pleased with you.
You were not hungry.

You visited 2 branches of the dungeon, and saw 11 of its levels.

You collected 637 gold pieces.

Inventory:

Hand Weapons
 a - a +1 long sword
 F - the +7 falchion of Forced Transition (weapon) {holy, Fragile MR+ Str+4}
   (You took it off an orc warrior on level 7 of the Dungeon)

   It has been blessed by the Shining One to cause great damage to the undead
   and demons.
   It affects your strength (+4).
   It affects your resistance to hostile enchantments.
   It will be destroyed if unequipped.
 I - a cursed +1 scimitar
 L - a +1 falchion of slicing
 M - a cursed -1 scimitar
Armour
 b - a +0 plate armour (worn)
 c - a +1 shield (worn)
 w - a +0 pair of boots (worn)
 A - a +0 cloak (worn)
 C - a +0 chain mail
Rods
 K - a +0 iron rod (14/14)
   (You found it on level 10 of the Dungeon)
Jewellery
 j - an uncursed amulet of guardian spirit
 q - a ring of magical power (left hand)
 r - an amulet of regeneration (around neck)
 s - an uncursed amulet of magic regeneration
 H - a ring of protection from fire (right hand)
Wands
 t - a wand of iceblast (8/15)
Scrolls
 i - 5 scrolls of remove curse
 k - a scroll of recharging
 m - 3 scrolls of blinking
 o - 4 scrolls of teleportation
 u - 3 scrolls of magic mapping
 y - 2 scrolls of identify
 B - a scroll of fear
 D - a scroll of enchant armour
 O - a scroll of immolation {unknown}
Potions
 d - 3 potions of might
 e - 2 potions of ambrosia
 n - a potion of invisibility
 p - 4 potions of flight
 x - a potion of cure mutation {unknown}
 z - 3 potions of curing {unknown}
 E - 2 potions of agility {unknown}
 J - a potion of heal wounds
Books
 G - a book of Necromancy

   Spells                             Type                      Level
   a - Pain                           Necromancy                   1
   b - Animate Skeleton               Necromancy                   1
   c - Vampiric Draining              Necromancy                   3
   d - Regeneration                   Charms/Necromancy            3
   e - Animate Dead                   Necromancy                   4
   f - Control Undead                 Necromancy                   4
Comestibles
 f - 8 bread rations
 g - 10 beef jerkies
 h - 2 meat rations
 l - 10 fruits
 v - 9 slices of pizza
 N - a chunk of flesh


   Skills:
 + Level 6.6 Fighting
 + Level 10.5 Long Blades
 + Level 8.8 Armour
 + Level 4.3 Dodging
 + Level 0.2 Stealth
 + Level 9.8 Shields
 + Level 0.4 Evocations


You had 10 spell levels left.
You didn't know any spells.

Dungeon Overview and Level Annotations

Branches:
Dungeon (10/15)            Temple (1/1) D:6             Orc (0/2) D:9
   Lair: D:8-11

Altars:
Ashenzari
Cheibriados
Fedhas
Hepliaklqana
Kikubaaqudgha
Makhleb
Okawaru
Qazlal
Ru
Sif Muna
Trog
Uskayaw
Vehumet
Xom
Yredelemnul
Zin
The Shining One

Shops:
D:5 %   D:6 :   D:8 *   D:10 (


Innate Abilities, Weirdness & Mutations

You are small and have problems with some larger weapons.
You are somewhat resistant to further mutation.


Message History

The yak is severely wounded.
You hit the yak.
The yak is almost dead.
The yak misses you.
You riposte.
You closely miss the yak.
The yak is almost dead.
You slash the yak!
You kill the yak!
Okawaru accepts your kill.
You barely miss the yak. The yak gores you!
* * * LOW HITPOINT WARNING * * *
You slash the yak!
The yak is moderately wounded.
You slash the yak!
The yak is severely wounded.
The yak gores you!
* * * LOW HITPOINT WARNING * * *
You hit the yak.
The yak is severely wounded.
The yak gores you!
You die...

#......# #......#
#......# #......#
#....(.# . #..)...###
.Y #.......># Y..
#........########
....###.......YY@(....#
#............######..#
#....#####.....#####.#
#....#......8......# #
#....#.............#
####.#.............#.#
#..........[......#
#..8.....>.....8..#
##...............##


You could see 2 yaks.

Vanquished Creatures
  The ghost of ohados the Cleaver, a novice DsBe of Trog (D:9)
  Psyche (D:9)
  A troll (D:10)
  A polar bear (D:10)
  2 hippogriffs
  A centaur simulacrum (D:10)
  2 wraiths
  3 hogs (D:7)
  6 yaks
  A human (D:7)
  Eustachio (D:6)
  2 steam dragons (D:10)
  Edmund (D:4)
  2 water moccasins
  Duvessa (D:3)
  2 orc warriors
  2 sky beasts
  2 phantoms (D:9)
  3 ice beasts
  3 centaurs
  5 ogres
  A big kobold (D:8)
  4 bullfrogs
  Dowan (D:3)
  A water moccasin zombie (D:8)
  3 scorpions
  6 killer bees (D:7)
  2 troll zombies (D:9)
  4 wights (D:9)
  A crimson imp (D:10)
  3 jellies (D:7)
  6 orc priests
  3 centaur skeletons
  3 hounds
  An orc wizard (D:10)
  An iron imp (D:6)
  3 iguanas
  Terence (D:2)
  4 worker ants
  A killer bee zombie (D:5)
  5 ogre zombies (D:9)
  10 adders
  A shadow imp (D:7)
  A white imp (D:10)
  2 ufetubi (D:10)
  2 oozes
  2 adder skeletons
  2 worms
  A dart slug (D:1)
  6 leopard geckos
  40 orcs
  12 bats
  5 giant cockroaches
  12 goblins
  10 hobgoblins
  13 jackals
  7 kobolds
  3 quokkas
  A ball python (D:2)
  7 frilled lizards
  A goblin skeleton (D:9)
  A goblin zombie (D:9)
  3 hobgoblin skeletons (D:9)
  4 hobgoblin zombies (D:9)
  14 orc zombies (D:9)
  A quokka skeleton (D:4)
  A rat (D:2)
259 creatures vanquished.

Notes
Turn   | Place    | Note
-------+----------+-------------------------------------------
     0 | D:1      | Peloso the Halfling Fighter began the quest for the Orb.
     0 | D:1      | Reached XP level 1. HP: 15/15 MP: 1/1
    44 | D:1      | Reached XP level 2. HP: 20/21 MP: 2/2
   419 | D:1      | Reached XP level 3. HP: 25/26 MP: 3/3
  1164 | D:2      | Reached XP level 4. HP: 31/31 MP: 4/4
  1384 | D:2      | Noticed Terence
  1393 | D:2      | Killed Terence
  1696 | D:3      | Reached skill level 3 in Long Blades
  1891 | D:3      | Reached XP level 5. HP: 28/36 MP: 5/5
  2554 | D:4      | Noticed an ogre
  2558 | D:4      | Killed an ogre
  2558 | D:4      | Reached skill level 1 in Dodging
  2558 | D:4      | Reached XP level 6. HP: 43/43 MP: 6/6
  2683 | D:4      | Noticed Edmund
  2698 | D:4      | Killed Edmund
  2698 | D:4      | Reached skill level 4 in Long Blades
  2807 | D:4      | Noticed Duvessa
  2808 | D:4      | Noticed Dowan
  3474 | D:5      | Entered Level 5 of the Dungeon
  3501 | D:5      | Reached XP level 7. HP: 38/47 MP: 7/7
  3713 | D:5      | Reached skill level 5 in Armour
  3848 | D:5      | Reached skill level 5 in Shields
  4173 | D:5      | Found Ritautha's Food Boutique.
  4637 | D:6      | Reached skill level 5 in Long Blades
  4651 | D:6      | Found Ulegant's Book Boutique.
  4804 | D:6      | Reached XP level 8. HP: 48/54 MP: 8/8
  4894 | D:6      | Found a snail-covered altar of Cheibriados.
  4992 | D:6      | Noticed Eustachio
  5017 | D:6      | Killed Eustachio
  5119 | D:6      | Found a staircase to the Ecumenical Temple.
  5139 | Temple   | Entered the Ecumenical Temple
  5235 | Temple   | Became a worshipper of Warmaster Okawaru
  5428 | D:3      | Killed Duvessa
  5428 | D:3      | Reached skill level 6 in Long Blades
  5441 | D:3      | Killed Dowan
  6092 | D:7      | Reached XP level 9. HP: 54/59 MP: 9/9
  6192 | D:7      | Reached * piety under Okawaru
  6287 | D:7      | Reached skill level 5 in Fighting
  6561 | D:7      | Reached ** piety under Okawaru
  6561 | D:7      | Reached skill level 7 in Long Blades
  6568 | D:7      | Got a pitted falchion {holy}
  6569 | D:7      | Identified the +7 falchion of Forced Transition {holy, Fragile MR+ Str+4} (You took it off an orc warrior on level 7 of the Dungeon)
  6924 | D:7      | Reached XP level 10. HP: 48/66 MP: 10/10
  6930 | D:7      | Reached skill level 8 in Long Blades
  7196 | D:8      | Found Zegirag's Demolitions Depot.
  7200 | D:8      | Found a glowing golden altar of the Shining One.
  7363 | D:8      | You fall through a shaft for 2 floors!
  7363 | D:10     | Entered Level 10 of the Dungeon
  7393 | D:10     | Found Quol's Weapon Boutique.
  7500 | D:10     | Reached *** piety under Okawaru
  7724 | D:10     | Reached skill level 9 in Long Blades
  8278 | D:10     | Reached **** piety under Okawaru
  8361 | D:10     | Reached XP level 11. HP: 72/72 MP: 11/11
  8454 | D:9      | Noticed ohados's ghost (novice DsBe)
  8480 | D:9      | Killed ohados's ghost
  8480 | D:9      | Reached skill level 10 in Long Blades
  8846 | D:9      | Found a snail-covered altar of Cheibriados.
  8909 | D:9      | Found a staircase to the Orcish Mines.
  9054 | D:9      | Noticed Psyche
  9082 | D:9      | Reached ***** piety under Okawaru
  9082 | D:9      | Received a gift from Okawaru
  9096 | D:9      | Killed Psyche
  9118 | D:9      | Slain by a yak

Skill      XL: |  1  2  3  4  5  6  7  8  9 10 11 |
---------------+----------------------------------+-----
Fighting       | 3 4 5 6 |  6.6
Long Blades    | 3 4 5 6 7 9 10 | 10.5
Armour         | 4 5 6 8 |  8.8
Shields        | 4 5 6 7 9 |  9.8
Dodging        | 1 2 3 4 |  4.3
Stealth        | |  0.2
Evocations     | |  0.4

Action                   |  1- 3 |  4- 6 |  7- 9 | 10-12 || total
-------------------------+-------+-------+-------+-------++-------
Melee: Long sword        |    75 |   142 |   340 |       ||   557
       Falchion          |       |       |    47 |   453 ||   500
Evoke: Wand              |       |     4 |       |       ||     4
  Use: Scroll            |     4 |     9 |       |     6 ||    19
       Potion            |       |       |     1 |       ||     1
  Eat: Chunk             |     1 |     7 |    10 |     8 ||    26
       Royal jelly       |       |       |     1 |       ||     1
Armor: Scale mail        |    45 |    42 |    58 |       ||   145
       Chain mail        |       |       |    76 |    56 ||   132
       Plate armour      |       |       |       |   100 ||   100
Dodge: Dodged            |    41 |    69 |   140 |   147 ||   397
Block: Shield            |    63 |    91 |   261 |   300 ||   715
       Rpst.: Long sword |    18 |    25 |    40 |       ||    83
       Falchion          |       |       |     1 |    40 ||    41
